 Dungeon Crawl Stone Soup version 0.21.1-1-g345015fe64 (webtiles) character file.

34745 Oravi the Martial Artist (level 13, -4/88 HPs)
             Began as a Merfolk Transmuter on Apr 13, 2018.
             Was a High Priest of Qazlal.
             Slain by a skeletal warrior
             ... wielding a +0 long sword
              (28 damage)
             ... on level 14 of the Dungeon on Apr 14, 2018.
             The game lasted 01:33:14 (18772 turns).

Oravi the Martial Artist (Merfolk Transmuter)      Turns: 18772, Time: 01:33:15

Health: -4/88      AC:  6    Str: 12    XL:     13   Next: 79%
Magic:  19/19      EV: 31    Int: 16    God:    Qazlal [*****.]
Gold:   953        SH:  7    Dex: 17    Spells: 10/20 levels left

rFire    . . .     SeeInvis .     - Unarmed
rCold    . . .     Gourm    +   (shield currently unavailable)
rNeg     . . .     Faith    .   (armour currently unavailable)
rPois    x         Spirit   .   (helmet currently unavailable)
rElec    .         Reflect  .   (cloak currently unavailable)
rCorr    .         Harm     .   (gloves currently unavailable)
MR       .....                  (boots currently unavailable)
Stlth    +.........             x - amulet of the gourmand
HPRegen  0.24/turn              D - +4 ring of slaying
MPRegen  0.16/turn              U - +4 ring of protection

@: spider-form, repel missiles
A: tiny, (change form in water), (swift swim), (stealthy swim), blurry vision 2,
clumsy 1
a: End Transformation, Upheaval, Elemental Force, Disaster Area, Renounce
Religion


You were on level 14 of the Dungeon.
You worshipped Qazlal.
Qazlal was extremely pleased with you.
You were completely stuffed.
You were a venomous arachnid creature.
You visited 2 branches of the dungeon, and saw 16 of its levels.
You also visited: Sewer.

You collected 1073 gold pieces.
You spent 120 gold pieces at shops.

Inventory:

Missiles
 a - 229 arrows
Armour
 b - a +0 robe
 i - a +2 pair of boots (melded)
 w - the +1 leather armour of the Good {Slay+3}
   (You found it on level 7 of the Dungeon)

   It affects your accuracy and damage with ranged weapons and melee attacks
   (+3).
 B - a +0 pair of gloves (melded)
 C - a +1 hat (melded)
 I - the +1 robe of Nihilism (melded) {Str+6 Stlth+}
   (You found it on level 9 of the Dungeon)

   It affects your strength (+6).
   It makes you more stealthy.
 V - a scarf of resistance (melded)
Magical Staves
 m - an uncursed staff of fire
 A - an uncursed staff of air
 G - an uncursed staff of poison (melded)
 L - an uncursed staff of energy
Jewellery
 g - an uncursed ring of positive energy
 x - an amulet of the gourmand (around neck)
 y - a +1 ring of protection
 D - a +4 ring of slaying (left front leg)
 H - an uncursed ring of resist corrosion
 M - an uncursed ring of poison resistance
 Q - a +1 ring of slaying
 U - a +4 ring of protection (right front leg)
Wands
 e - a wand of disintegration (22)
 u - a wand of random effects (70)
 E - a wand of polymorph (9)
 J - a wand of clouds (2)
 K - a wand of digging (12)
 N - a wand of acid (4)
 O - a wand of iceblast (8)
 R - a wand of flame (15)
Scrolls
 h - 3 scrolls of enchant armour
 k - 11 scrolls of teleportation
 l - 2 scrolls of fear
 n - 4 scrolls of magic mapping
 o - 5 scrolls of identify
 p - 2 scrolls of amnesia
 q - 7 scrolls of remove curse
 r - a scroll of fog
 S - a scroll of silence
 T - a scroll of enchant weapon
 X - 2 scrolls of brand weapon
Potions
 f - 3 potions of lignification
 j - a potion of curing
 t - 4 potions of haste
 v - 3 potions of magic
 z - 2 potions of invisibility
 F - a potion of flight
 P - a potion of agility
Books
 c - a book of Changes

   Spells                             Type                      Level
   a - Beastly Appendage              Transmutation                1
   b - Sticks to Snakes               Transmutation                2
   c - Spider Form                    Transmutation/Poison         3
   d - Ice Form                       Ice/Transmutation            4
   e - Blade Hands                    Transmutation                5
 s - a book of Minor Magic

   Spells                             Type                      Level
   a - Magic Dart                     Conjuration                  1
   b - Blink                          Translocation                2
   c - Call Imp                       Summoning                    2
   d - Slow                           Hexes                        2
   e - Conjure Flame                  Conjuration/Fire             3
   f - Mephitic Cloud                 Conjuration/Poison/Air       3
Comestibles
 d - 23 rations


   Skills:
 + Level 4.0 Fighting
 * Level 11.5 Dodging
 + Level 14.4 Unarmed Combat
 + Level 4.1 Spellcasting
 * Level 14.2 Transmutations
 * Level 8.0 Ice Magic
 - Level 10.1 Poison Magic


You had 10 spell levels left.
You knew the following spells:

 Your Spells              Type           Power        Failure   Level  Hunger
a - Beastly Appendage     Tmut           #####.       1%          1    None
b - Sticks to Snakes      Tmut           #####...     1%          2    ##.....
c - Spider Form           Tmut/Pois      #####.....   2%          3    ###....
d - Ice Form              Ice/Tmut       #####...     7%          4    ####...


Dungeon Overview and Level Annotations

Branches:
Dungeon (15/15) Temple (1/1) D:5 Lair (0/6) D:9 Orc (0/2) D:10 Vaults (0/5) D:13 D:14 Depths: D:15

Altars:
Ashenzari
Cheibriados
Dithmenos
Elyvilon
Fedhas
Gozag
Hepliaklqana
Kikubaaqudgha
Makhleb
Nemelex Xobeh
Okawaru
Qazlal
Ru
Sif Muna
Trog
Uskayaw
Vehumet
Wu Jian
Xom
Yredelemnul
Zin
The Shining One

Shops:
D:5 :   D:7 !   D:10 [   D:11 [?%==

Portals:
Trove: D:14 (show slimy rune of Zot)


Innate Abilities, Weirdness & Mutations

((You revert to your normal form in water.))
((You are very nimble and swift while swimming.))
((You are very stealthy in the water. (Stealth+)))
((You have a pair of small horns on your head.))
((You are partially covered in slimy green scales. (AC +2)))
Scrolls take you longer to read.
You are clumsy. (Dex -2)
((Your movements are slightly less encumbered by armour. (ER -2)))


Message History

You bite the skeletal warrior!
The skeletal warrior is heavily damaged.
You bite the skeletal warrior!
The skeletal warrior is heavily damaged.
The skeletal warrior hits you with a long sword!
You hit the skeletal warrior but do no damage.
The skeletal warrior is heavily damaged.
You bite the skeletal warrior!
The skeletal warrior is severely damaged.
You hit the skeletal warrior.
The skeletal warrior is severely damaged.
The skeletal warrior closely misses you.
You bite the skeletal warrior!
The skeletal warrior is almost destroyed.
The skeletal warrior hits you with a long sword!!
* * * LOW HITPOINT WARNING * * *
You feel better.
You feel better.
The skeletal warrior hits you with a long sword!!
You die...

....#.....#...###'####......#....
....#.....'.........#########....
....#.....#.........#########....
....'.##..#.........##......#.###
....#.....#.........##......#.###
#####.....######....##......#....
.......####.####§§..###'#####....
######.#......§..§).##....#......
#.#........s...#.....#......
#.#.......z§...#.....'.#####
#.#.......§..§.#.....#......
######.#..........[.#.....#......
.......'..####.##...#######......
########..####)##...##....##.....
.....##....#........##.....#.....
.....##....#........##.....#.##..
.....##....#........##.....#.....


You could see a skeletal warrior.

Vanquished Creatures
  Agnes (D:14)
  Azrael (D:14)
  A hydra (D:14)
  2 catoblepae (D:14)
  2 centaur warriors
  4 two-headed ogres
  Urug (D:14)
  The ghost of Bal the Cleaver, a novice MiFi of Jiyva (D:8)
  A skeletal warrior (D:14)
  The ghost of raetorn the Shield-Bearer, a novice GnFi of Lugonu (D:6)
  4 ugly things
  A deep elf mage (D:14)
  4 cyclopes
  2 manticores (D:14)
  A gargoyle (D:11)
  Psyche (D:10)
  2 kobold demonologists
  A tengu conjurer (D:14)
  3 trolls
  Grinder (D:5)
  2 hippogriffs
  2 wyverns
  Eustachio (D:4)
  A spriggan (D:8)
  36 yaks
  Grum (D:8)
  3 wraiths
  3 fire elementals
  16 humans (D:13)
  3 hungry ghosts
  A vampire mosquito (D:14)
  Duvessa (D:6)
  4 hell hounds
  2 water moccasins
  3 ice beasts
  2 porcupines (D:9)
  2 black bears (D:9)
  4 orc warriors
  Purgy (Sewer)
  2 sky beasts
  A phantom (D:9)
  7 ogres
  2 wolves (D:8)
  9 centaurs
  A crocodile (D:9)
  15 big kobolds
  3 bullfrogs
  3 wyvern skeletons
  Dowan (D:6)
  4 scorpions
  9 killer bees
  A howler monkey (D:4)
  6 wights
  6 crimson imps
  6 hounds
  2 quasits
  3 jellies
  2 bullfrog zombies
  7 orc priests
  3 centaur skeletons
  4 bullfrog skeletons
  3 iguanas
  15 orc wizards
  12 worker ants
  4 gnolls (D:2)
  11 adders
  5 shadow imps
  3 oozes
  2 worms
  2 dart slugs
  5 leopard geckos
  41 orcs
  3 ball pythons
  5 giant cockroaches
  11 goblins
  8 hobgoblins
  9 jackals
  3 quokkas
  4 bats
  5 frilled lizards (Sewer)
  A jackal skeleton (D:4)
  15 kobolds
  2 quokka skeletons
  9 rats
398 creatures vanquished.

Vanquished Creatures (collateral kills)
  A catoblepas (D:14)
  A vampire mosquito (D:14)
2 creatures vanquished.

Vanquished Creatures (others)
  A hell hound (D:14)
1 creature vanquished.

Grand Total: 401 creatures vanquished

Notes
Turn   | Place    | Note
-------+----------+-------------------------------------------
     0 | D:1      | Oravi the Merfolk Transmuter began the quest for the Orb.
     0 | D:1      | Reached XP level 1. HP: 15/15 MP: 3/3
   372 | D:1      | Reached XP level 2. HP: 18/21 MP: 3/5
   894 | D:2      | Reached XP level 3. HP: 25/26 MP: 4/6
   898 | D:2      | Learned a level 2 spell: Sticks to Snakes
   902 | D:2      | Learned a level 3 spell: Spider Form
  1139 | D:2      | Reached XP level 4. HP: 10/32 MP: 2/7
  2004 | D:2      | Found a sacrificial altar of Ru.
  2025 | D:3      | Noticed a centaur
  2035 | D:3      | Killed a centaur
  2035 | D:3      | Reached skill level 5 in Transmutations
  2035 | D:3      | Reached skill level 1 in Poison Magic
  2035 | D:3      | Reached XP level 5. HP: 25/37 MP: 3/8
  2407 | D:3      | Found an ornate altar of the Wu Jian Council.
  2708 | D:3      | Reached XP level 6. HP: 34/43 MP: 6/9
  2825 | D:4      | Reached skill level 5 in Unarmed Combat
  2854 | D:4      | Noticed Eustachio
  2875 | D:4      | Killed Eustachio
  2957 | D:4      | Reached XP level 7. HP: 49/49 MP: 3/10
  3715 | D:5      | Entered Level 5 of the Dungeon
  3830 | D:5      | Reached XP level 8. HP: 39/56 MP: 6/11
  4107 | D:5      | Found a staircase to the Ecumenical Temple.
  4248 | Temple   | Entered the Ecumenical Temple
  4288 | Temple   | Became a worshipper of Qazlal Stormbringer
  4646 | D:5      | Found Agudit's Book Shoppe.
  4646 | D:5      | Noticed Grinder
  4652 | D:5      | Gained mutation: Scrolls take you a little longer to read. [potion of mutation]
  4652 | D:5      | Gained mutation: You evolve. [potion of mutation]
  4652 | D:5      | Gained mutation: Your spells are a little harder to cast, but a little more powerful. [potion of mutation]
  4652 | D:5      | Gained mutation: You are robust. (+10% HP) [potion of mutation]
  4658 | D:5      | Paralysed by Grinder for 2 turns
  4669 | D:5      | Killed Grinder
  4821 | D:6      | Found a glowing drain.
  5069 | Sewer    | Entered a sewer
  5261 | Sewer    | Noticed Purgy
  5281 | Sewer    | Killed Purgy
  5653 | D:6      | Noticed raetorn's ghost (novice GnFi)
  6093 | D:6      | Reached skill level 5 in Dodging
  6093 | D:6      | Reached skill level 5 in Poison Magic
  6095 | D:6      | Noticed Dowan
  6275 | D:6      | Noticed Duvessa
  6289 | D:6      | Killed Dowan
  6289 | D:6      | Reached XP level 9. HP: 48/68 MP: 10/12
  6292 | D:6      | Killed Duvessa
  6388 | D:6      | Reached * piety under Qazlal
  6991 | D:6      | Killed raetorn's ghost
  7039 | D:6      | Gained mutation: You are partially covered in slimy green scales. (AC +2) [evolution]
  7430 | D:7      | Reached skill level 10 in Transmutations
  7791 | D:7      | Got a brightly glowing leather armour
  7802 | D:7      | Identified the cursed +1 leather armour of the Good {Slay+3} (You found it on level 7 of the Dungeon)
  7921 | D:7      | Reached XP level 10. HP: 31/77 MP: 11/13
  8258 | D:7      | Found Ciemmeedghi's Distillery.
  8542 | D:8      | Noticed Bal's ghost (novice MiFi)
  8605 | D:8      | Learned a level 4 spell: Ice Form
  8755 | D:8      | Reached ** piety under Qazlal
  8901 | D:8      | Reached skill level 10 in Unarmed Combat
  8901 | D:8      | Reached skill level 1 in Ice Magic
  9215 | D:8      | Noticed a two-headed ogre
  9227 | D:7      | Killed a two-headed ogre
  9385 | D:8      | Killed Bal's ghost
  9599 | D:8      | Found an iron altar of Okawaru.
  9717 | D:8      | Noticed Grum
  9743 | D:8      | Killed Grum
  9848 | D:8      | Gained mutation: Armour fits poorly on your strangely shaped body. [evolution]
  9848 | D:8      | Lost mutation: You evolve. [end of evolution]
  9919 | D:7      | Bought a potion of mutation for 120 gold pieces
  9919 | D:7      | Lost mutation: You are robust. (+10% HP) [potion of mutation]
  9919 | D:7      | Lost mutation: Armour fits poorly on your strangely shaped body. [potion of mutation]
  9919 | D:7      | Lost mutation: Your spells are a little harder to cast, but a little more powerful. [potion of mutation]
  9919 | D:7      | Gained mutation: You are clumsy. (Dex -2) [potion of mutation]
  9919 | D:7      | Gained mutation: You have a pair of small horns on your head. [potion of mutation]
  9919 | D:7      | Gained mutation: Scrolls take you longer to read. [potion of mutation]
  9919 | D:7      | Gained mutation: Your movements are slightly less encumbered by armour. (ER -2) [potion of mutation]
 10086 | D:8      | Noticed a kobold demonologist
 10090 | D:8      | Killed a kobold demonologist
 10090 | D:8      | Reached XP level 11. HP: 66/75 MP: 14/14
 10383 | D:9      | Found a shattered altar of Ashenzari.
 10470 | D:9      | Found a radiant altar of Vehumet.
 10645 | D:9      | Reached *** piety under Qazlal
 10764 | D:9      | Got a smoking robe
 10991 | D:9      | Identified the +1 robe of Nihilism {Str+6 Stlth+} (You found it on level 9 of the Dungeon)
 11058 | D:9      | Found a staircase to the Lair.
 11217 | D:10     | Entered Level 10 of the Dungeon
 11601 | D:10     | Found a staircase to the Orcish Mines.
 11605 | D:10     | Noticed a two-headed ogre
 11617 | D:10     | Killed a two-headed ogre
 11704 | D:10     | Noticed Psyche
 11711 | D:10     | Killed Psyche
 11711 | D:10     | Reached skill level 5 in Ice Magic
 11757 | D:10     | Reached **** piety under Qazlal
 12200 | D:10     | Found Legil's Antique Armour Emporium.
 12467 | D:11     | Found Uple's Jewellery Emporium.
 12536 | D:11     | Found Adeh's Magic Scroll Shop.
 12546 | D:11     | Found Bovvatow's Antique Armour Shop.
 12566 | D:11     | Noticed a cyclops
 12588 | D:11     | Killed a cyclops
 12588 | D:11     | Reached XP level 12. HP: 47/83 MP: 12/15
 12867 | D:11     | Found Tedau's Food Shoppe.
 13013 | D:11     | Found Hoamoez's Jewellery Shoppe.
 14475 | D:12     | Reached skill level 10 in Dodging
 15037 | D:13     | Reached ***** piety under Qazlal
 15773 | D:14     | Found a gate to the Vaults.
 15773 | D:14     | Noticed a centaur warrior
 15773 | D:14     | Noticed Urug
 15773 | D:14     | Noticed a two-headed ogre
 15905 | D:13     | Killed a two-headed ogre
 15905 | D:13     | Reached XP level 13. HP: 28/88 MP: 17/17
 16432 | D:14     | Killed Urug
 16678 | D:14     | Noticed Agnes
 16693 | D:14     | HP: 3/88 [Agnes/antimagic lajatang (33)]
 16695 | D:14     | Killed Agnes
 17355 | D:14     | Found a portal to a secret trove of treasure.
 17753 | D:14     | Noticed Azrael
 17767 | D:14     | Killed Azrael
 18035 | D:14     | Found a radiant altar of Vehumet.
 18124 | D:14     | Reached skill level 10 in Poison Magic
 18731 | D:15     | Entered Level 15 of the Dungeon
 18772 | D:14     | Slain by a skeletal warrior

Skill      XL: |  1  2  3  4  5  6  7  8  9 10 11 12 13 |
---------------+----------------------------------------+-----
Dodging        | 3 4 5 6 8 9 10 11 | 11.5
Transmutations | 3 4 5 6 7 8 10 11 12 13 14 | 14.2
Unarmed Combat | 4 5 6 8 9 10 12 13 14 | 14.4
Poison Magic   | 1 2 3 5 6 7 8 9 10 | 10.1
Fighting       | 2 3 4 |  4.0
Ice Magic      | 3 5 6 8 |  8.0
Spellcasting   | 3 4 |  4.1

Action                   |  1- 3 |  4- 6 |  7- 9 | 10-12 | 13-15 || total
-------------------------+-------+-------+-------+-------+-------++-------
Melee: Unarmed           |    71 |   107 |   340 |   758 |   165 ||  1441
       Headbutt          |     8 |       |       |     3 |       ||    11
       Staff             |       |       |       |     5 |       ||     5
 Cast: Beastly Appendage |    12 |     5 |       |       |       ||    17
       Spider Form       |     3 |    18 |    41 |    64 |    20 ||   146
       Sticks to Snakes  |       |     2 |    11 |    12 |    24 ||    49
 Abil: End Transformatio |       |       |       |     5 |     1 ||     6
  Use: Scroll            |     3 |     4 |    10 |     5 |     3 ||    25
       Potion            |       |       |     8 |     5 |     6 ||    19
 Stab: Sleeping          |     4 |       |     1 |       |       ||     5
       Distracted        |       |       |       |     1 |       ||     1
  Eat: Chunk             |     1 |    10 |    18 |    50 |    12 ||    91
       Ration            |       |       |     1 |     1 |       ||     2
Armor: Robe              |     9 |     5 |     1 |     2 |     1 ||    18
       Skin              |       |     5 |    19 |    13 |     6 ||    43
Dodge: Dodged            |    41 |    82 |   359 |   638 |   147 ||  1267
       Deflected         |       |       |       |     2 |     9 ||    11
Block: Other             |       |       |     3 |   114 |    49 ||   166
